[Event "*** SCC Grand Prix: Titled Tuesday Blitz"]
[Site "Chess.com"]
[Date "2020.07.14"]
[Round "7"]
[White "JosefineHeinemann"]
[Black "FlamingPhoenix123"]
[Result "1-0"]
[WhiteElo "2648"]
[BlackElo "2441"]
[TimeControl "180+1"]
[EndTime "11:19:45 PDT"]
[Termination "JosefineHeinemann won on time"]

1. e4 c5 2. d4 cxd4 3. c3 dxc3 4. Nxc3 Nc6 5. Nf3 e6 6. Bc4 a6 7. O-O b5 8. Bb3 Bb7 9. e5 d5 10. exd6 Qxd6 11. Qe2 Nf6 12. Rd1 Qc7 13. a4 b4 14.
Nd5 Nxd5 15. Bxd5 O-O-O 16. Bxc6 Rxd1+ 17. Qxd1 Bxc6 18. Be3 Bd6 19. Rc1 Rd8 20. Qe2 Kb7 21. Nd4 Bxh2+ 22. Kh1 Rxd4 23. Bxd4 Bxg2+ 24. Kxg2 Qxc1 25.
Qf3+ Qc6 26. Qxc6+ Kxc6 27. Kxh2 f6 28. b3 Kd5 29. Be3 h5 30. Kg3 g5 31. f3 e5 32. Kf2 g4 33. Bd2 Kc5 34. fxg4 hxg4 35. Kg3 f5 36. Be1 a5 37. Bf2+ Kc6 38. Bg1 Kb7 39.
Kh4 Kc6 40. Kg5 f4 41. Kxg4 Kd5 42. Bb6 Ke4 43. Bxa5 f3 44. Kg3 Ke3 45. Bxb4 1-0

[Event "*** SCC Grand Prix: Titled Tuesday Blitz"]
[Site "Chess.com"]
[Date "2020.07.14"]
[Round "7"]
[White "GjakanTati"]
[Black "doctorcristian"]
[Result "1-0"]
[WhiteElo "2577"]
[BlackElo "2408"]
[TimeControl "180+1"]
[EndTime "11:19:45 PDT"]
[Termination "GjakanTati won by checkmate"]

1. d4 Nf6 2. c4 e6 3. Nf3 d5 4.
Nc3 Nbd7 5. Bg5 c6 6. e3 Bb4 7. Bd3 Qa5 8. Qc2 Ne4 9. cxd5 Nxc3 10. bxc3 Bxc3+ 11. Ke2 Bxa1 12. dxe6 Qc3 13. exd7+ Bxd7 14. Rb1 Qxc2+ 15. Bxc2 Bc3 16. Rxb7 Be6 17. Re7+ Kf8 18. Rc7 Bb4 19. Rxc6 Bxa2 20. Be4 Re8 21. Bd3 a5 22.
Rc7 h6 23. Bf4 Be6 24. Bb5 Rd8 25. e4 Bb3 26. d5 a4 27. Ne5 Bd6 28. Rxf7+ Kg8 29.
Ra7 Rb8 30. Bd3 a3 31. Ng6 Bxf4 32. Nxf4 a2 33. Ne6 Kh7 34. Rxg7# 1-0

[Event "*** SCC Grand Prix: Titled Tuesday Blitz"]
[Site "Chess.com"]
[Date "2020.07.14"]
[Round "7"]
[White "Pavel_Mir"]
[Black "maestroza"]
[Result "0-1"]
[WhiteElo "2354"]
[BlackElo "2504"]
[TimeControl "180+1"]
[EndTime "11:19:45 PDT"]
[Termination "maestroza won on time"]

1. e4 Nf6 2. Nc3 d5 3. exd5 Nxd5 4. Bc4 Nb6 5. Bb3 Nc6 6. Qh5 e6 7. Nf3 Be7 8. d3 O-O 9. Bg5 Na5 10. Ne4 Nxb3 11. axb3 Nd5 12. Bxe7 Qxe7 13. O-O b6 14.
Ne5 Bb7 15. c3 a5 16. b4 axb4 17. Rxa8 Bxa8 18. c4 Nf6 19. Qh4 h6 20. Nxf6+ Qxf6 21.
Qxf6 gxf6 22. Nd7 Rd8 23. Nxf6+ Kg7 24. Nh5+ Kg6 25. Nf4+ Kf5 26. g3 e5 27. Ng2 Rxd3 28. Ne3+ Ke6 29. Ra1 Bf3 30. Kf1 Rd2 31. b3 Rb2 32. Re1 Rxb3 33. h3 h5 34. Nc2 c5 35.
Ne3 Rc3 36. g4 hxg4 37. hxg4 b3 38. Kg1 b2 39. Kh2 Rc1 0-1

[Event "*** SCC Grand Prix: Titled Tuesday Blitz"]
[Site "Chess.com"]
[Date "2020.07.14"]
[Round "7"]
[White "aripov96"]
[Black "mfwagnerpeixoto"]
[Result "1-0"]
[WhiteElo "2424"]
[BlackElo "2239"]
[TimeControl "180+1"]
[EndTime "11:19:45 PDT"]
[Termination "aripov96 won on time"]

1. d4 Nf6 2. c4 e6 3. Nc3 Bb4 4.
Bd2 O-O 5. Nf3 b6 6. g3 Bb7 7.
Bg2 Bxc3 8. Bxc3 Ne4 9. Rc1 f5 10. O-O d6 11. b3 Nxc3 12. Rxc3 Be4 13. Ne1 Bxg2 14. Nxg2 Qf6 15. e3 Nc6 16. Qd2 a5 17. Rcc1 Kh8 18. Rfd1 Rad8 19. Qe2 e5 20. dxe5 dxe5 21.
c5 e4 22. cxb6 cxb6 23. Rxd8 Rxd8 24. Qb5 Ne5 25. Nf4 Nf3+ 26. Kg2 g5 27. Rc6 Qa1 28.
Qxf5 Qg1+ 29. Kh3 Qxh2+ 30. Kg4 h5+ 31. Nxh5 1-0

[Event "*** SCC Grand Prix: Titled Tuesday Blitz"]
[Site "Chess.com"]
[Date "2020.07.14"]
[Round "7"]
[White "DonPreuss"]
[Black "earling8018"]
[Result "1-0"]
[WhiteElo "2175"]
[BlackElo "2051"]
[TimeControl "180+1"]
[EndTime "11:19:45 PDT"]
[Termination "DonPreuss won by resignation"]

1. d4 d5 2. e4 e6 3. Nc3 Nf6 4. exd5 exd5 5. Bd3 Bd6 6. Nge2 O-O 7.
O-O Bg4 8. f3 Bh5 9. Ng3 Bg6 10.
f4 Bxd3 11. Qxd3 Re8 12. f5 c6 13. Bg5 Nbd7 14. Rae1 Qc7 15. Qf3 b5 16. Nd1 Rxe1 17. Rxe1 Re8 18. Rxe8+ Nxe8 19. Ne3 Nef6 20. Ng4 Nxg4 21.
Qxg4 Bxg3 22. hxg3 f6 23. Bf4 Qd8 24. Qe2 Nf8 25. g4 Kf7 26. a4 a6 27. axb5 axb5 28. Qd2 Qe7 29. Kf2 g6 30. Qc3 Qd7 31. Qc5 gxf5 32. g5 Ne6 33. Qd6 fxg5 34. Qxd7+ 1-0

[Event "*** SCC Grand Prix: Titled Tuesday Blitz"]
[Site "Chess.com"]
[Date "2020.07.14"]
[Round "7"]
[White "deribas12345"]
[Black "Msb2"]
[Result "1-0"]
[WhiteElo "2634"]
[BlackElo "2875"]
[TimeControl "180+1"]
[EndTime "11:19:46 PDT"]
[Termination "deribas12345 won by resignation"]

1. Nf3 d5 2. c4 d4 3. b4 c5 4.
g3 Nf6 5. Bg2 Qc7 6. O-O e5 7.
bxc5 Bxc5 8. e3 O-O 9. exd4 exd4 10.
d3 Nc6 11. Nbd2 a5 12. Nb3 Ba7 13. Bf4 Qd8 14. Ne5 Nxe5 15. Bxe5 a4 16. Nd2 Nd7 17. Bd6 Re8 18. Qxa4 Nb6 19. Qb4 Bf5 20. Bxb7 Bxd3 21. Rfe1 Be2 22. c5 Nd7 23. Bxa8 Qxa8 24. Qxd4 h5 25. Rac1 Qc6 26. Qf4 Re6 27. Nb3 Re4 28.
Qd2 Ba6 29. Nd4 Rxd4 30. Qxd4 Bb7 31. Re8+ Nf8 32. Rxf8+ Kh7 33. Qd3+ g6 34. Rxf7+ Kh8 35. Qd4+ 1-0

[Event "*** SCC Grand Prix: Titled Tuesday Blitz"]
[Site "Chess.com"]
[Date "2020.07.14"]
[Round "7"]
[White "denispopov"]
[Black "LubovMarkelova"]
[Result "0-1"]
[WhiteElo "1769"]
[BlackElo "2179"]
[TimeControl "180+1"]
[EndTime "11:19:46 PDT"]
[Termination "LubovMarkelova won on time"]

1. e4 e6 2. b3 d5 3. Bb2 dxe4 4.
Nc3 Nf6 5. Qe2 Be7 6. Nxe4 O-O 7.
O-O-O a5 8. g4 Nxe4 9. Qxe4 Bf6 10.
d4 a4 11. h4 axb3 12. axb3 Bd7 13. Bd3 g6 14. Rh2 Bc6 15. Qe3 Na6 16. Bxa6 Rxa6 17.
f4 Qd6 18. g5 Bg7 19. h5 Rfa8 20.
Ne2 Bb5 21. Kb1 Bxe2 22. Qxe2 Qxf4 23. hxg6 hxg6 24. Rf1 Qxg5 25. Qf3 Qf5 26. Qg2 Qd5 27. Qh3 Ra1+ 28. Bxa1 Rxa1+ 29. Kxa1 Qxd4+ 30. c3 Qa7+ 31. Kb1 Qa3 0-1

[Event "*** SCC Grand Prix: Titled Tuesday Blitz"]
[Site "Chess.com"]
[Date "2020.07.14"]
[Round "7"]
[White "Bodnar_Mykola"]
[Black "MF1966Idrisov"]
[Result "1-0"]
[WhiteElo "2486"]
[BlackElo "2327"]
[TimeControl "180+1"]
[EndTime "11:19:47 PDT"]
[Termination "Bodnar_Mykola won by checkmate"]

1. e4 e5 2. Nf3 d6 3. Bc4 Be7 4. d4 exd4 5. Ng5 Nh6 6. Qxd4 O-O 7. Nf3 Nc6 8. Qd3 Ng4 9. Bb3 Nge5 10. Nxe5 Nxe5 11. Qe2 Be6 12. f4 Bxb3 13. axb3 Nc6 14. O-O Bf6 15. Nc3 Bxc3 16. bxc3 Qf6 17. Qd3 a6 18. Bd2 Rae8 19. Rae1 Re7 20. Re2 Rfe8 21.
Rfe1 Qg6 22. c4 f6 23. c5 dxc5 24. Qd5+ Qf7 25. Qxc5 Qe6 26. e5 fxe5 27. fxe5 Rd7 28. Bc3 Red8 29. h3 Rd1 30. Kh2 Rxe1 31. Rxe1 Rd5 32.
Qc4 Qd7 33. Kh1 Nd8 34. Rf1 Ne6 35. Qg4 c6 36. Qf5 Qe7 37. Bb4 c5 38. Bc3 h6 39.
Be1 Nd4 40. Qc8+ Kh7 41. Bg3 Nxc2 42. Qf5+ g6 43. Qxc2 b6 44. Rf6 Qd7 45. Qxg6+ Kh8 46. Rf8# 1-0

[Event "*** SCC Grand Prix: Titled Tuesday Blitz"]
[Site "Chess.com"]
[Date "2020.07.14"]
[Round "7"]
[White "Supernotar"]
[Black "RoelandPruijssers"]
[Result "1-0"]
[WhiteElo "2831"]
[BlackElo "2599"]
[TimeControl "180+1"]
[EndTime "11:19:48 PDT"]
[Termination "Supernotar won by resignation"]

1. d4 f5 2. c4 Nf6 3. Nf3 d6 4. g3 g6 5. Bg2 Bg7 6. O-O O-O 7. Nc3 Qe8 8. d5 Na6 9. Rb1 Nc5 10. Nd4 a5 11. b3 Nfe4 12. Bb2 Nxc3 13. Bxc3 f4 14. Nb5 Bxc3 15. Nxc3 Bf5 16. Rc1 g5 17. Nb5 Qd7 18. Nd4 Bh3 19. Qc2 Rf6 20. Nf3 Rg6 21. Rfe1 Rf8 22.
Bh1 Bf5 23. Qb2 Ne4 24. Qd4 c5 25. dxc6 bxc6 26. Rcd1 Qe6 27. Rf1 Bh3 28. Rfe1 fxg3 29. hxg3 Rgf6 30. Rd3 c5 31. Qe3 h6 32. Nd2 Rxf2 33. Nxe4 Qe5 1-0

[Event "*** SCC Grand Prix: Titled Tuesday Blitz"]
[Site "Chess.com"]
[Date "2020.07.14"]
[Round "7"]
[White "alexsergeyev"]
[Black "quesfr"]
[Result "1-0"]
[WhiteElo "2346"]
[BlackElo "2206"]
[TimeControl "180+1"]
[EndTime "11:19:48 PDT"]
[Termination "alexsergeyev won by resignation"]

1. d4 d5 2. c4 e6 3. Nc3 Nf6 4. Bg5 dxc4 5. e3 a6 6. Bxc4 c5 7. Nf3 cxd4 8. exd4 b5 9. Bd3 Bb7 10. O-O Be7 11. Qe2 Nbd7 12. Rfd1 O-O 13. Ne5 g6 14.
Rac1 Nd5 15. Bxe7 Qxe7 16. Ne4 Nf4 17. Qe3 Nxd3 18. Rxd3 Bxe4 19. Qxe4 Nf6 20. Qh4 Nd5 21. Qh6 f6 22. Ng4 Rac8 23. Re1 Qg7 24. Qd2 Rc6 25. h4 Rfc8 26. Rf3 Rc2 27. Qd3 Rxb2 28. Rxe6 h5 29. Nxf6+ Nxf6 30. Rfxf6 Rc1+ 31. Kh2 Qc7+ 32. g3 Rxf2+ 33.
Rxf2 1-0

[Event "*** SCC Grand Prix: Titled Tuesday Blitz"]
[Site "Chess.com"]
[Date "2020.07.14"]
[Round "7"]
[White "WIDBIFS"]
[Black "ellatambien"]
[Result "1-0"]
[WhiteElo "2743"]
[BlackElo "2550"]
[TimeControl "180+1"]
[EndTime "11:19:49 PDT"]
[Termination "WIDBIFS won by checkmate"]

1. d4 Nf6 2. Nf3 e6 3. Bf4 c5 4.
e3 b6 5. Nbd2 Bb7 6. c3 Be7 7.
h3 cxd4 8. exd4 d6 9. Bd3 Nbd7 10. Qe2 a6 11. a4 Qc7 12. Bh2 O-O 13. O-O Rfe8 14. Rfe1 Bf8 15. Nc4 Bc6 16. Ne3 Qb7 17. Ng4 Bxf3 18. gxf3 g6 19. Kh1 Nh5 20. Rg1 Kh8 21. Rg2 f5 22. Ne3 Bh6 23. Nc4 Bf4 24. Nxd6 Bxd6 25. Bxd6 e5 26. dxe5 Nf4 27. Qe3 Nxg2 28. Kxg2 Qd5 29. Re1 Nf6 30. Kh2 Nh5 31. f4 Qb3 32. Be2 Qxa4 33. Bxh5 gxh5 34. e6 Qe4 35. Be5+ Kg8 36. Qg3+ Kf8 37. Qg7# 1-0

[Event "*** SCC Grand Prix: Titled Tuesday Blitz"]
[Site "Chess.com"]
[Date "2020.07.14"]
[Round "7"]
[White "bugsbunny444"]
[Black "oskariot"]
[Result "0-1"]
[WhiteElo "2470"]
[BlackElo "2655"]
[TimeControl "180+1"]
[EndTime "11:19:49 PDT"]
[Termination "oskariot won by resignation"]

1. Nf3 e6 2. c4 b6 3. g3 Bb7 4. Bg2 g5 5. O-O g4 6. Ne5 Bxg2 7. Kxg2 h5 8. d4 d6 9. Nd3 Bg7 10. Be3 h4 11. Nc3 Ne7 12. Nf4 Nf5 13. Qd3 Nd7 14. Qe4 Kf8 15. Rad1 Nf6 16. Qc6 Ne7 17.
Qb7 Qc8 18. Qxc8+ Rxc8 19. f3 c6 20. Bg1 gxf3+ 21. Rxf3 hxg3 22. hxg3 d5 23. b3 Nf5 24.
cxd5 cxd5 25. Rdd3 Nd6 26. e3 Nde4 27. Nfe2 Nxc3 28. Nxc3 Ne4 29. Rf2 Rxc3 30. Rxc3 Nxc3 31. Rc2 Ne4 32. Rc8+ Ke7 33. Rc7+ Kf6 34. Rxa7 Rc8 35. Rb7 Rc2+ 36. Kf3 Rxa2 37. Rxb6 Bh6 38. g4 Ng5+ 39. Kg3 Ne4+ 40. Kf3 Rb2 41. b4 Nd2+ 42. Kg3 Nc4 43. Bh2 Nxb6 0-1

[Event "*** SCC Grand Prix: Titled Tuesday Blitz"]
[Site "Chess.com"]
[Date "2020.07.14"]
[Round "7"]
[White "ChronicUnhappiness"]
[Black "PotapovaM"]
[Result "1-0"]
[WhiteElo "2368"]
[BlackElo "2480"]
[TimeControl "180+1"]
[EndTime "11:19:49 PDT"]
[Termination "ChronicUnhappiness won on time"]

1. c4 Nf6 2. Nf3 e6 3. Nc3 d5 4. e3 a6 5. b3 dxc4 6. Bxc4 b5 7. Be2 Bb7 8. Bb2 Nbd7 9. O-O Bd6 10. d3 O-O 11. a3 c5 12. Qb1 Ne5 13. Ne4 Nxf3+ 14. Bxf3 Nxe4 15. Bxe4 Bxe4 16. dxe4 Qg5 17. f4 Qh5 18. Rf3 f6 19. a4 c4 20. axb5 axb5 21. Rxa8 Rxa8 22. e5 fxe5 23. bxc4 exf4 24. Qe4 Qe8 25.
exf4 bxc4 26. f5 exf5 27. Qd5+ Kh8 28. Qxd6 Qe1+ 29. Rf1 Qe2 30. Qd4 Rg8 31. Rxf5 h6 32. h3 Kh7 33. Rf7 c3 34. Bxc3 1-0

[Event "*** SCC Grand Prix: Titled Tuesday Blitz"]
[Site "Chess.com"]
[Date "2020.07.14"]
[Round "7"]
[White "Oleksandr_Bortnyk"]
[Black "nrvisakh"]
[Result "1-0"]
[WhiteElo "2937"]
[BlackElo "2776"]
[TimeControl "180+1"]
[EndTime "11:19:50 PDT"]
[Termination "Oleksandr_Bortnyk won by resignation"]

1. e4 c6 2. c4 d5 3. cxd5 cxd5 4. exd5 Nf6 5. Qa4+ Bd7 6. Qb3 Qb6 7. Bc4 Na6 8. Nc3 Qxb3 9. axb3 Nb4 10. Kd1 a5 11. Nf3 g6 12. d4 Bg7 13. Re1 Bg4 14. Bg5 h6 15. Bh4 g5 16. Bg3 O-O 17. Rxe7 b5 18. Nxb5 Nfxd5 19. Re2 Rfd8 20. h3 Bh5 21. Ke1 Rd7 22. Kf1 Nb6 23. Rd2 N4d5 24. Ne5 Bxe5 25. Bxe5 Re8 26. Rxa5 Nxc4 27. bxc4 Nb6 28. Na3 Rde7 29.
g4 Bg6 30. Kg2 f6 31. Bxf6 Rf7 32. Be5 Be4+ 33. Kg1 Bf3 34. Rd3 Nd7 35. Re3 Rc8 36.
b3 Re8 37. Nb5 Nxe5 38. Rxe5 Rxe5 39. dxe5 Rf4 40. Nd6 Rd4 41. Ra1 Kf8 42. b4 Rd2 43. b5 Ke7 44. b6 Ke6 45. Re1 Rb2 46. c5 Rb5 47. Nxb5 1-0

[Event "*** SCC Grand Prix: Titled Tuesday Blitz"]
[Site "Chess.com"]
[Date "2020.07.14"]
[Round "7"]
[White "GadimbayliA"]
[Black "Witik"]
[Result "1-0"]
[WhiteElo "2875"]
[BlackElo "2671"]
[TimeControl "180+1"]
[EndTime "11:19:50 PDT"]
[Termination "GadimbayliA won on time"]

1. e4 c6 2. Nf3 d5 3. exd5 cxd5 4.
d4 Nf6 5. c3 Nc6 6. Ne5 Nd7 7.
f4 g6 8. Bd3 Bg7 9. h4 Nf6 10.
h5 Nxh5 11. Qf3 Nf6 12. Nd2 Bf5 13. Nb3 e6 14. Nc5 Qc7 15. g4 Bxd3 16. Qxd3 Nxe5 17. fxe5 Nxg4 18. Qb5+ Qc6 19. Qxb7 Qxb7 20. Nxb7 O-O 21. Nc5 Rfe8 22. Ke2 f6 23. exf6 Bxf6 24. Nd7 Bg7 25. Bf4 e5 26. dxe5 Rad8 27. Kf3 h5 28.
Nc5 Bxe5 29. Nd3 Bxf4 30. Kxf4 Kg7 31. Rae1 Re4+ 32. Kg3 Rde8 33. Rxe4 dxe4 34. Nf4 e3 35. Rd1 Re7 36. Nd5 Rf7 37. Re1 g5 38. b4 Kg6 39.
c4 1-0

[Event "*** SCC Grand Prix: Titled Tuesday Blitz"]
[Site "Chess.com"]
[Date "2020.07.14"]
[Round "7"]
[White "Harry_Rakkel"]
[Black "LuckSlayeer"]
[Result "1-0"]
[WhiteElo "2566"]
[BlackElo "2398"]
[TimeControl "180+1"]
[EndTime "11:19:50 PDT"]
[Termination "Harry_Rakkel won on time"]

1. e4 c5 2. Nf3 Nc6 3. d4 cxd4 4. Nxd4 e5 5. Nb5 d6 6. N1c3 a6 7. Na3 b5 8. Nd5 Nce7 9. c4 Nxd5 10. exd5 f5 11.
cxb5 Nf6 12. bxa6 Be7 13. Bb5+ Kf7 14. O-O Rf8 15. Nc2 Kg8 16. Nb4 Qb6 17. a4 f4 18.
Nc6 Bd8 19. Bd2 Bg4 20. Qb1 f3 21. Ba5 Qc5 22. Rc1 Bxa5 23. Rxc5 Bb6 24. Rc2 fxg2 25.
a5 Bc5 26. b4 Bd4 27. Ra3 Ne4 28. Nxd4 exd4 29. Qe1 Ng5 30. Kxg2 Bf3+ 31. Rxf3 Nxf3 32. Qe6+ Kh8 33. Rc7 Nh4+ 34. Kf1 h6 35. Qxd6 Nf5 36. Qd7 Rad8 37. Qxd8 Rxd8 38. a7 Nd6 39. Bc6 Ne8 40.
Re7 1-0

[Event "*** SCC Grand Prix: Titled Tuesday Blitz"]
[Site "Chess.com"]
[Date "2020.07.14"]
[Round "7"]
[White "harlem4brew"]
[Black "pfalcon1949"]
[Result "1-0"]
[WhiteElo "2101"]
[BlackElo "2051"]
[TimeControl "180+1"]
[EndTime "11:19:50 PDT"]
[Termination "harlem4brew won by checkmate"]

1. e4 e6 2. d4 d5 3. Nc3 Bb4 4. Bf4 dxe4 5. a3 Bxc3+ 6. bxc3 Nf6 7. Ne2 O-O 8. Ng3 Bd7 9. c4 Bc6 10. c3 Nbd7 11. Be2 h6 12. Be3 b6 13. O-O Bb7 14.
a4 a5 15. Rb1 Qe7 16. c5 Nd5 17. Rb3 Ba6 18. c6 N7f6 19. c4 Nb4 20. Bf4 Nxc6 21. d5 Rfd8 22. Qc1 exd5 23. cxd5 Bxe2 24. Nxe2 Nb4 25. Bxh6 Nfxd5 26. Rg3 g6 27. Rh3 e3 28. fxe3 Qc5 29. Qb1 Qc2 30. Qa1 f6 31. Rxf6 Nxf6 32. Qxf6 Qb1+ 33. Kf2 Rf8 34. Bxf8 Nd3+ 35. Kg3 Qe1+ 36.
Kg4 Nf2+ 37. Kg5 Ne4+ 38. Kxg6 Nxf6 39. Bg7 Rf8 40. Rh8# 1-0

[Event "*** SCC Grand Prix: Titled Tuesday Blitz"]
[Site "Chess.com"]
[Date "2020.07.14"]
[Round "7"]
[White "Indianlad"]
[Black "Zkid"]
[Result "1-0"]
[WhiteElo "2948"]
[BlackElo "2777"]
[TimeControl "180+1"]
[EndTime "11:19:51 PDT"]
[Termination "Indianlad won by resignation"]

1. e4 c5 2. Nc3 Nc6 3. Bb5 g6 4. Bxc6 bxc6 5. d3 Bg7 6. f4 Nf6 7. Nf3 O-O 8. O-O d5 9. e5 Nd7 10. Qe1 f6 11. e6 Nb6 12. f5 gxf5 13. Nh4 d4 14. Nxf5 Kh8 15. Ne4 Bxe6 16. Nxg7 Kxg7 17. Ng3 Qd5 18. Bf4 Rae8 19. Qe2 Kh8 20. Rae1 Bc8 21.
Ne4 Rg8 22. Bg3 Bg4 23. Qf2 Nd7 24. c4 Qh5 25. h3 Be6 26. Kh2 Bf7 27. b4 cxb4 28.
Qxd4 Rd8 29. Qf2 Ne5 30. Bxe5 Qxe5+ 31. Kg1 Qd4 32. Re3 Bg6 33. Ng3 Bxd3 34. Rd1 Qxc4 35. Rxe7 Qd4 36. Re3 Qc4 37. Qxf6+ 1-0

[Event "*** SCC Grand Prix: Titled Tuesday Blitz"]
[Site "Chess.com"]
[Date "2020.07.14"]
[Round "7"]
[White "SamuelGhimpu2003"]
[Black "Slovak_fighter2000"]
[Result "1-0"]
[WhiteElo "2603"]
[BlackElo "2443"]
[TimeControl "180+1"]
[EndTime "11:19:51 PDT"]
[Termination "SamuelGhimpu2003 won on time"]

1. d4 Nf6 2. c4 g6 3. Nc3 Bg7 4. e4 d6 5. Nf3 O-O 6. h3 e5 7. d5 Nh5 8. g3 a5 9. Be3 Na6 10. Be2 Nc5 11. Nd2 Nf6 12. Qc2 Bd7 13. O-O-O c6 14.
Kb1 cxd5 15. cxd5 Rb8 16. Bb5 Qe8 17. a4 Na6 18. Nc4 Nb4 19. Qb3 Bxb5 20. Nxd6 Bxa4 21. Nxa4 Qd7 22. Bc5 b6 23. Bxb4 axb4 24. Qxb4 Rfd8 25.
Nc4 Nxe4 26. Ncxb6 Qf5 27. g4 Qf3 28. Rhe1 Nxf2 29.
Rf1 Qg3 30. Qe1 Qxh3 31. Qxf2 Rb7 32. Nc5 Ra7 33. d6 Qxg4 34. d7 f5 35. Qd2 1-0

[Event "*** SCC Grand Prix: Titled Tuesday Blitz"]
[Site "Chess.com"]
[Date "2020.07.14"]
[Round "7"]
[White "louis198"]
[Black "sewin16"]
[Result "1-0"]
[WhiteElo "2559"]
[BlackElo "2392"]
[TimeControl "180+1"]
[EndTime "11:19:51 PDT"]
[Termination "louis198 won by resignation"]

1. d4 Nf6 2. Bf4 e6 3. e3 d5 4.
Nf3 Bd6 5. Bg3 c5 6. c3 Qc7 7. Nbd2 Nbd7 8. Bd3 O-O 9. e4 dxe4 10. Nxe4 Nxe4 11. Bxe4 Nf6 12. Bc2 Rd8 13. Qe2 Bxg3 14. hxg3 b6 15. Qe5 Qe7 16. Bxh7+ Nxh7 17. Qh5 Qf6 18.
Qxh7+ Kf8 19. Qe4 Ba6 20. O-O-O g6 21. Ne5 Kg7 22. Rh4 Qf5 23. Qe3 cxd4 24. Qh6+ Kf6 25. Rf4 Kxe5 26. Rxf5+ exf5 27. Qg7+ Ke6 28. Re1+ Kd6 29.
Qxd4+ Kc6 30. Qf6+ Rd6 31. Qxf7 Rad8 32. Qxa7 Bb7 33.
Qa4+ Kc7 34. Re7+ R8d7 35. Qc4+ Kb8 36. Re8+ Ka7 37. Qa4+ Ba6 38. Re6 Rd2 39. Rxg6 Kb7 40. Qc6+ Ka7 41. Qxb6+ 1-0

[Event "*** SCC Grand Prix: Titled Tuesday Blitz"]
[Site "Chess.com"]
[Date "2020.07.14"]
[Round "7"]
[White "Zq1"]
[Black "Olga_Zhuravleva"]
[Result "1-0"]
[WhiteElo "2478"]
[BlackElo "2308"]
[TimeControl "180+1"]
[EndTime "11:19:51 PDT"]
[Termination "Zq1 won by resignation"]

1. d4 Nf6 2. c4 e6 3. Nc3 Bb4 4. e3 b6 5. Bd3 O-O 6. Ne2 Bb7 7.
O-O Be7 8. e4 d6 9. f4 c5 10. d5 exd5 11. cxd5 Re8 12. Ng3 Bf8 13. a4 a6 14. Qf3 Nbd7 15. Bd2 Qc7 16. Kh1 c4 17. Bc2 Nc5 18. Rae1 b5 19. axb5 axb5 20.
Nf5 b4 21. Nb5 Qb6 22. Nbd4 Ra2 23. Bc1 g6 24. Ng3 Ra1 25. f5 Bg7 26. Bg5 Rxe1 27. Rxe1 Nd3 28. Bxd3 Qxd4 29. Bb1 Nxd5 30. Rd1 Qxb2 31.
exd5 c3 32. f6 c2 33. Bxc2 Qxc2 34. fxg7 b3 35. Rf1 f5 36. Bf6 b2 37. Bxb2 Qxb2 38. Nxf5 Qf6 39. Nh6+ 1-0

[Event "*** SCC Grand Prix: Titled Tuesday Blitz"]
[Site "Chess.com"]
[Date "2020.07.14"]
[Round "7"]
[White "Cocaino74"]
[Black "Alexandercs432"]
[Result "1-0"]
[WhiteElo "2313"]
[BlackElo "2086"]
[TimeControl "180+1"]
[EndTime "11:19:51 PDT"]
[Termination "Cocaino74 won on time"]

1. e4 e5 2. Nf3 Nf6 3. Bc4 Nxe4 4. d4 d5 5. Bb5+ c6 6. Bd3 Nd7 7. dxe5 Be7 8. O-O O-O 9. Re1 Ndc5 10. b4 Nxd3 11.
cxd3 Ng5 12. Nxg5 Bxg5 13. f4 Bh4 14. g3 Be7 15. a3 a5 16. bxa5 Qxa5 17. Be3 Bf5 18.
Bf2 Rfe8 19. g4 Bd7 20. Nd2 Bf8 21. Nb3 Qc7 22. a4 Qc8 23. h3 Qd8 24. a5 f6 25. d4 fxe5 26. dxe5 Rc8 27. Nc5 Qc7 28. Qb3 Rb8 29. Reb1 Kh8 30. Nxb7 h5 31. a6 hxg4 32.
hxg4 Bxg4 33. Kg2 Qf7 34. a7 Ra8 35. Rh1+ Kg8 36. Qc2 Bf5 37. Qxc6 Be4+ 38. Kg1 Qg6+ 39. Kf1 Qg2+ 40. Ke2 Qf3+ 41. Ke1 Bd3 42. Kd2 Qe2+ 43. Kc3 Qc2+ 44. Kd4 Qxc6 45. Kxd3 Qc4+ 46. Kd2 Qb4+ 47. Ke2 Qxb7 48. Rh3 Be7 49. Rah1 Bf8 50. e6 1-0

[Event "*** SCC Grand Prix: Titled Tuesday Blitz"]
[Site "Chess.com"]
[Date "2020.07.14"]
[Round "7"]
[White "Dinamo81"]
[Black "eljanov"]
[Result "0-1"]
[WhiteElo "2656"]
[BlackElo "2848"]
[TimeControl "180+1"]
[EndTime "11:19:52 PDT"]
[Termination "eljanov won on time"]

1. d4 Nf6 2. Bf4 d5 3. e3 e6 4. Nd2 Bd6 5. Bg3 O-O 6. Ngf3 c5 7. c3 Qc7 8. dxc5 Qxc5 9. Bd3 Nbd7 10. e4 Bxg3 11.
hxg3 dxe4 12. Bxe4 h6 13. Qe2 Rb8 14. Nd4 b5 15. a3 Bb7 16. Bxb7 Rxb7 17. Ne4 Nxe4 18. Qxe4 Rb6 19. Rd1 Nf6 20. Qe2 a5 21. O-O Qc4 22.
Qe3 Nd5 23. Qc1 Rd8 24. Rd2 Nf6 25. Rfd1 Rbd6 26. Nc2 Rxd2 27. Rxd2 Rd3 28. Ne3 Qe4 29. Qc2 Rxe3 30. fxe3 Qxe3+ 31. Kf1 Ne4 32. Rd8+ Kh7 33. Rd4 f5 34. Rxe4 fxe4 35. Qe2 Qd3 36. Kf2 e5 37. Qe3 a4 0-1

[Event "*** SCC Grand Prix: Titled Tuesday Blitz"]
[Site "Chess.com"]
[Date "2020.07.14"]
[Round "7"]
[White "N00bM3ster"]
[Black "XiaoKangZhong"]
[Result "1-0"]
[WhiteElo "2815"]
[BlackElo "2439"]
[TimeControl "180+1"]
[EndTime "11:19:52 PDT"]
[Termination "N00bM3ster won by checkmate"]

1. e4 c6 2. d4 d5 3. exd5 cxd5 4.
Bd3 Nc6 5. c3 Nf6 6. Bf4 Bg4 7.
Qb3 Qc8 8. Nd2 e6 9. Ngf3 Bh5 10. h3 Bg6 11. Bxg6 hxg6 12. O-O Be7 13. Ne5 Nd7 14. Ndf3 Ndxe5 15. Nxe5 O-O 16. Rfe1 Nxe5 17. Bxe5 Bf6 18. Bxf6 gxf6 19. Qd1 Kg7 20. Qf3 Qc7 21. Rac1 Rad8 22.
h4 Rh8 23. g3 Qa5 24. a3 Qb6 25. Re2 Qd6 26. Kg2 Rhe8 27. h5 e5 28. hxg6 fxg6 29. dxe5 fxe5 30. Rd1 Qf6 31. Qe3 a6 32. Qc5 e4 33. Re3 Qe5 34. Rd4 Kh6 35. Rexe4 Qxe4+ 36. Rxe4 dxe4 37. Qc7 e3 38. fxe3 Rd2+ 39. Kh3 Rf8 40. Qxb7 Rff2 41. c4 Rxb2 42. Qe7 Rb3 43. c5 Rc2 44. Qf8+ Kg5 45. Qf4+ Kh5 46. Qh4# 1-0

[Event "*** SCC Grand Prix: Titled Tuesday Blitz"]
[Site "Chess.com"]
[Date "2020.07.14"]
[Round "7"]
[White "velemajstor767276"]
[Black "Kolle05"]
[Result "1/2-1/2"]
[WhiteElo "2521"]
[BlackElo "2383"]
[TimeControl "180+1"]
[EndTime "11:19:52 PDT"]
[Termination "Game drawn by repetition"]

1. d4 Nf6 2. c4 e6 3. Nf3 Bb4+ 4.
Nbd2 O-O 5. a3 Be7 6. e4 d6 7. e5 dxe5 8. dxe5 Nfd7 9. Ne4 Nc6 10. Bf4 a5 11. Qc2 h6 12. Rd1 Qe8 13. h4 f5 14. Nc3 Nc5 15. Nb5 Bd8 16. h5 b6 17.
Be2 Bb7 18. Nh4 Bxh4 19. Rxh4 Qe7 20. Rh3 Rad8 21. Rg3 Kh7 22. Rg6 Rxd1+ 23. Bxd1 Rd8 24. Kf1 Qh4 25. g4 Qh1+ 26. Ke2 Nxe5 27. Bxe5 Qf3+ 28.
Ke1 Qh1+ 29. Ke2 Qf3+ 30. Ke1 Qh1+ 31. Ke2 1/2-1/2

[Event "*** SCC Grand Prix: Titled Tuesday Blitz"]
[Site "Chess.com"]
[Date "2020.07.14"]
[Round "7"]
[White "guillembaches"]
[Black "Alindsay211"]
[Result "0-1"]
[WhiteElo "2401"]
[BlackElo "2306"]
[TimeControl "180+1"]
[EndTime "11:19:52 PDT"]
[Termination "Alindsay211 won on time"]

1. e4 c5 2. Nf3 e6 3. g3 Nc6 4.
Bg2 Qc7 5. O-O Nf6 6. Qe2 d6 7. c3 Be7 8. d4 O-O 9. Bf4 e5 10.
dxe5 dxe5 11. Bg5 Be6 12. Nbd2 h6 13. Bxf6 Bxf6 14. Nc4 Rfd8 15. Rfd1 Ne7 16. a4 b6 17.
Nfd2 Rab8 18. h4 Rd7 19. Kh2 Rbd8 20. Bh3 Bxh3 21. Kxh3 Rd3 22. Kg2 Qd7 23. Rac1 Ng6 24.
Kf1 Qh3+ 25. Ke1 Bxh4 26. Nf1 Rxd1+ 27. Rxd1 Rxd1+ 28. Qxd1 Bf6 29. Qd5 h5 30. Qa8+ Kh7 31. Qxa7 Qg4 32. Qxb6 Qxe4+ 33. Nfe3 h4 34. gxh4 Nf4 35.
a5 Qd3 0-1